 Dungeon Crawl Stone Soup version 0.31.0-12-g77e489cdc1 (webtiles) character file.

Game seed: 6734719584058326100

762733 monsoonserge the Cruiserweight Champion (level 27, -8/226 HPs)
             Began as a Naga Shapeshifter on Feb 26, 2024.
             Was the Champion of Wu Jian.
             Mangled by an Ice Fiend (23 damage)
             ... in Pandemonium on Feb 27, 2024.
             The game lasted 06:50:45 (93966 turns).

monsoonserge the Cruiserweight Champion (NaSh)     Turns: 93966, Time: 06:50:45

Health: -8/226     AC: 39    Str: 28    XL:     27
Magic:  0/37       EV: 13    Int: 25    God:    Wu Jian [******]
Gold:   9534       SH: 12    Dex: 11    Spells: 13/41 levels left

rFire   + .          .
                       - Unarmed
rCold   + . .        Y - +2 kite shield {reflect}
rNeg    + + +        Z - melded +11 chain mail of the Eternal Void {rC+ MP+9 Dex+3}
rPois   ∞            Q - +1 helmet {Int+3}
rElec   +            E - scarf {repulsion}
rCorr   +            C - melded +0 pair of gloves "Hiufiosm" {rC+ Stlth+}
SInv    +            d - melded +2 barding {Fly}
Will    ++++.        n - amulet of Paofe {Spirit ^Contam ^Fragile Fly rN+++}
Stlth   ++++++++++   x - ring "Etriu" {rF+ Str+6}
HPRegen 0.57/turn    N - ring "Nylun" {rC+ rN+ Will+ rCorr Int+3}
MPRegen 0.25/turn

%: repel missiles, reflection, guardian spirit
@: exhausted, statue-form, flying, studying Long Blades, very slow
A: slow and powerful, torment resistance 1, boosted hp, AC +9, large, see
invisible, deformed body, poison resistance, (slowness 2), spit poison 1, naga
tail 2, thin skeletal structure 1, clever 1, clumsy 1, frail 3, high MP 1, weak
1, inability to drink after injury 1, persistent drain
}: 6/15 runes: serpentine, barnacled, slimy, silver, abyssal, demonic
a: Spit Poison, Begin Untransformation, Renounce Religion, Wall Jump, Serpent's
Lash, Heavenly Storm


You were in Pandemonium.
You worshipped Wu Jian.
Wu Jian was exalted by your worship.
You were a living statue of rough stone.
You visited 14 branches of the dungeon, and saw 58 of its levels.
You visited Pandemonium 1 time, and saw 3 of its levels.
You visited the Abyss 6 times.
You visited 1 bazaar.
You also visited: Trove, Bailey, Ice Cave and Desolation.

You collected 12264 gold pieces.
You spent 2730 gold pieces at shops.

Inventory:

Missiles
 j - 7 atropa-tipped darts
 A - 6 curare-tipped darts
 B - 10 darts of dispersal
 V - 13 silver javelins (quivered)
 W - 10 throwing nets
Armour
 d - a +2 barding of flying (melded)
 C - the +0 pair of gloves "Hiufiosm" (melded) {rC+ Stlth+}
   (You found it on level 5 of the Dungeon)

   rC+:       It protects you from cold.
   Stlth+:    It makes you more stealthy.
 E - a scarf of repulsion (worn)
 Q - a +1 helmet of intelligence (worn)
 Y - a +2 kite shield of reflection (worn)
 Z - the +11 chain mail of the Eternal Void (melded) {rC+ MP+9 Dex+3}
   (You found it on level 12 of the Dungeon)

   Dex+3:     It affects your dexterity (+3).
   rC+:       It protects you from cold.
   MP+9:      It affects your magic capacity (+9).
Jewellery
 n - the amulet of Paofe (around neck) {Spirit ^Contam ^Fragile Fly rN+++}
   (You found it on level 5 of the Lair of Beasts)

   [amulet of guardian spirit]

   Spirit:    It causes incoming damage to be divided between your reserves of
   health and magic.
   rN+++:     It renders you almost immune to negative energy.
   Fly:       It grants you flight.
   ^Contam:   It causes magical contamination when unequipped.
   ^Fragile:  It will be destroyed if unequipped.
 x - the ring "Etriu" (left fist) {rF+ Str+6}
   (You found it on level 15 of the Dungeon)

   [ring of strength]

   Str+6:     It affects your strength (+6).
   rF+:       It protects you from fire.
 N - the ring "Nylun" (right fist) {rC+ rN+ Will+ rCorr Int+3}
   (You found it on level 1 of the Snake Pit)

   [ring of willpower]

   Int+3:     It affects your intelligence (+3).
   rC+:       It protects you from cold.
   rN+:       It protects you from negative energy.
   Will+:     It increases your willpower.
   rCorr:     It protects you from acid and corrosion.
 X - the ring "Zuegh" {rPois rF+ rC+ rN+ Int-4}
   (You found it in an ice cave)

   [ring of positive energy]

   Int-4:     It affects your intelligence (-4).
   rF+:       It protects you from fire.
   rC+:       It protects you from cold.
   rPois:     It protects you from poison rN+: It protects you from negative
   energy.
Talismans
 F - a granite talisman (active)
 G - a storm talisman
Wands
 i - a wand of mindburst (44)
 m - a wand of paralysis (42)
 r - a wand of digging (11)
 u - a wand of flame (12)
 z - a wand of iceblast (82)
 I - a wand of quicksilver (32)
 M - a wand of polymorph (26)
Scrolls
 a - 7 scrolls of blinking
 c - 10 scrolls of immolation
 e - 8 scrolls of torment
 g - 5 scrolls of silence
 h - 5 scrolls of revelation
 k - 17 scrolls of enchant armour
 o - 15 scrolls of fear
 q - 20 scrolls of teleportation
 w - 5 scrolls of butterflies
 y - 10 scrolls of fog
 K - 6 scrolls of poison
Potions
 b - 10 potions of lignification
 f - 2 potions of ambrosia
 l - 5 potions of might
 p - 18 potions of curing
 s - 5 potions of berserk rage
 t - 7 potions of resistance
 v - 15 potions of magic
 D - 3 potions of mutation
 H - 3 potions of cancellation
 J - 5 potions of haste
 P - 11 potions of heal wounds
 R - 6 potions of invisibility
Miscellaneous
 L - the horn of Geryon
 O - a phial of floods
 S - a lightning rod (4/4)
 T - a box of beasts
 U - a phantom mirror


   Skills:
 + Level 15.4 Fighting
 + Level 2.0 Throwing
 - Level 12.6 Armour
 + Level 13.4 Dodging
 + Level 24.9 Stealth
 * Level 9.5 Shields
 O Level 27 Unarmed Combat
 * Level 7.5 Spellcasting
 - Level 2.0 Conjurations
 * Level 15.3 Hexes
 - Level 7.0 Necromancy
 - Level 6.0 Translocations
 * Level 5.2 Air Magic
 - Level 10.0 Alchemy
 + Level 16.1 Evocations
 * Level 24.4 Shapeshifting


You had 13 spell levels left.
You knew the following spells:

 Your Spells              Type           Power      Damage    Failure   Level
a - Blink                 Tloc           78%        N/A       1%          2
b - Fugue of the Fallen   Necr           44%        N/A       1%          3
c - Cause Fear            Hex            36%        N/A       1%          4
d - Yara's Violent Unrav  Hex/Alch       32%        3d13      1%          5
e - Mephitic Cloud        Conj/Alch/Air  38%        N/A       3%          3
f - Enfeeble              Hex            36%        N/A       16%         7
g - Vhi's Electric Charg  Tloc/Air       74%        N/A       10%         4

Your spell library contained the following spells:

 Spells                   Type           Power      Damage    Failure   Level
 Apportation              Tloc           78%        N/A       1%          1
 Necrotise                Necr           100%       1d9       1%          1
 Slow                     Hex            100%       N/A       1%          1
 Sting                    Conj/Alch      100%       1d9       1%          1
 Cigotuvi's Dreadful Rot  Necr/Alch/Air  92%        N/A       1%          2
 Ensorcelled Hibernation  Hex/Ice        94%        N/A       1%          2
 Jinxbite                 Hex            100%       N/A       1%          2
 Lesser Beckoning         Tloc           78%        N/A       1%          2
 Mercury Vapours          Alch/Air       94%        N/A       1%          2
 Inner Flame              Hex/Fire       47%        N/A       1%          3
 Tukima's Dance           Hex            72%        N/A       1%          3
 Vampiric Draining        Necr           44%        2d9       1%          3
 Anguish                  Hex/Necr       30%        N/A       1%          4
 Dimensional Bullseye     Hex/Tloc       29%        N/A       1%          4
 Olgreb's Toxic Radiance  Alch           56%        N/A       1%          4
 Shock                    Conj/Air       100%       1d9       2%          1
 Gell's Gravitas          Tloc           39%        N/A       2%          3
 Teleport Other           Tloc           39%        N/A       2%          3
 Swiftness                Air            35%        N/A       3%          3
 Magic Dart               Conj           76%        1d6       4%          1
 Alistair's Intoxication  Alch           37%        N/A       4%          5
 Animate Dead             Necr           44%        N/A       6%          4
 Dispel Undead            Necr           44%        3d17      6%          4
 Foxfire                  Conj/Fire      56%        2x1d6     7%          1
 Searing Ray              Conj           38%        2d5       7%          2
 Volatile Blastmotes      Fire/Tloc      48%        2d14      9%          3
 Fulminant Prism          Conj/Alch      19%        3d10      9%          4
 Manifold Assault         Tloc           39%        N/A       9%          4
 Passage of Golubria      Tloc           39%        N/A       9%          4
 Freeze                   Ice            36%        1d5       11%         1
 Sandblast                Erth           18%        2d7       11%         1
 Summon Small Mammal      Summ           36%        N/A       11%         1
 Airstrike                Air            17%        2d(3-19)  12%         4
 Metabolic Englaciation   Hex/Ice        23%        N/A       12%         5
 Summon Mana Viper        Hex/Summ       47%        N/A       12%         5
 Ignite Poison            Fire/Alch      34%        N/A       13%         4
 Leda's Liquefaction      Alch/Erth      17%        N/A       13%         4
 Sticky Flame             Fire/Alch      34%        2d7       13%         4
 Call Imp                 Summ           18%        N/A       16%         2
 Scorch                   Fire           18%        2d5       16%         2
 Curse of Agony           Necr           44%        N/A       16%         5
 Hailstorm                Conj/Ice       14%        3d6       21%         3
 Stone Arrow              Conj/Erth      28%        3d8       21%         3
 Iskenderun's Mystic Bla  Conj/Tloc      29%        2d7       21%         4
 Martyr's Knell           Necr/Summ      26%        N/A       24%         4
 Irradiate                Conj/Alch      19%        3d18      24%         5
 Frozen Ramparts          Ice            18%        1d3       30%         3
 Ozocubu's Armour         Ice            9%         N/A       30%         3
 Passwall                 Erth           9%         N/A       30%         3
 Summon Ice Beast         Ice/Summ       9%         N/A       30%         3
 Summon Lightning Spire   Summ/Air       22%        N/A       34%         4
 Arcjolt                  Conj/Air       13%        1d23      54%         5
 Brom's Barrelling Bould  Conj/Erth      14%        2d4       56%         4
 Flame Wave               Conj/Fire      14%        2d6       56%         4
 Borgnjor's Vile Clutch   Necr/Erth      13%        N/A       56%         5
 Death Channel            Necr           22%        N/A       65%         6
 Animate Armour           Summ/Erth      18%        N/A       71%         4
 Summon Blazeheart Golem  Fire/Summ      9%         N/A       71%         4
 Freezing Cloud           Conj/Ice/Air   10%        6-21      71%         5
 Iskenderun's Battlesphe  Conj           19%        2d7       77%         5
 Dispersal                Tloc           19%        N/A       80%         6
 Fireball                 Conj/Fire      7%         3d5       88%         5
 Sculpt Simulacrum        Ice/Alch       17%        N/A       90%         6
 Lee's Rapid Deconstruct  Erth           4%         3d5*      96%         5
 Conjure Ball Lightning   Conj/Air       13%        3x3d6     98%         6
 Plasma Beam              Fire/Air       11%        2x1d22    99%         6
 Bombard                  Conj/Erth      7%         9d2       100%        6
 Summon Cactus Giant      Summ           4%         N/A       100%        6
 Haunt                    Necr/Summ      13%        N/A       100%        7
 Monstrous Menagerie      Summ           4%         N/A       100%        7
 Orb of Destruction       Conj           9%         9d6       100%        7
 Ozocubu's Refrigeration  Ice            4%         4d8       100%        7
 Spellforged Servitor     Conj/Summ      7%         N/A       100%        7
 Summon Hydra             Summ           4%         N/A       100%        7
 Borgnjor's Revivificati  Necr           22%        N/A       100%        8
 Disjunction              Tloc           19%        N/A       100%        8
 Ignition                 Fire           4%         3d4       100%        8
 Chain Lightning          Conj/Air       13%        3d18      100%        9
 Death's Door             Necr           22%        N/A       100%        9
 Dragon's Call            Summ           4%         N/A       100%        9
 Polar Vortex             Ice            4%         N/A       100%        9
 Sublimation of Blood     Necr           Unusable   N/A       N/A         2

Dungeon Overview and Level Annotations

Branches:
Dungeon (15/15)            Temple (1/1) D:4            Lair (5/5) D:8
 Shoals (4/4) Lair:3        Snake (4/4) Lair:3        Slime (5/5) Lair:5
    Orc (2/2) D:12            Elf (3/3) Orc:2        Vaults (5/5) D:13
  Crypt (3/3) Vaults:2       Tomb (1/3) Crypt:3      Depths (4/4) D:15
   Hell (visited)             Dis (0/7) Hell            Geh (0/7) Hell
    Coc (0/7) Hell            Tar (0/7) Hell            Zot (5/5) Depths:4
 Bailey (visited)           IceCv (visited)         Desolation (visited)

Altars:
Ashenzari
Cheibriados
Dithmenos
Elyvilon
Fedhas
Gozag
Hepliaklqana
Kikubaaqudgha
Makhleb
Nemelex Xobeh
Okawaru
Qazlal
Ru
Sif Muna
Trog
Uskayaw
Vehumet
Wu Jian
Xom
Yredelemnul
Zin
The Shining One
Jiyva

Shops:
D:1 ?(   D:3 *   D:9 [   D:12 *   D:14 **[[(   Orc:2 *[(*   Elf:1 ?[*(
Elf:2 :   Snake:1 *[!*   Snake:4 (   Vaults:1 (   Vaults:2 ([   Vaults:3 :!
Vaults:4 =   Vaults:5 [!:!([!   Depths:2 :   Depths:4 *

Portals:
Hell: Depths:1 Depths:2 Depths:3 Depths:4
Abyss: Depths:3
Pandemonium: Depths:2 Depths:3
Ziggurat: Depths:3


Innate Abilities, Weirdness & Mutations

You are a living statue of rough stone.
Your actions are slow, but your melee attacks are powerful.
You are resistant to unholy torment.
Your maximum health is greatly increased.
Your equipment is partially melded.
((Your serpentine skin is tough. (AC +9)))
You are immune to poison.
You have supernaturally acute eyesight. (SInv)
Armour fits poorly on your strangely shaped body.
Your system is resistant to poisons. (rPois)
((You cover ground very slowly.))
You can spit poison.
You can use your snake-like lower body to constrict enemies.
You have a somewhat thin skeletal structure. (Dex +2, Stealth+)
Your mind is acute. (Int +4, Str/Dex -1)
You are clumsy. (Dex -2)
You are extremely frail. (-30% HP)
You have an increased reservoir of magic. (+10% MP)
You are weak. (Str -2)
You occasionally lose the ability to drink potions when taking damage.
Your health recovers twice as slowly from being drained.


Message History

Ylleofi sneers, "I shall devour thy eyes!"
The smoke demon gestures at you. Something smites you!
The orange demon stings you but does no damage.
You block the Ice Fiend's attack. The Ice Fiend claws you!
The Ice Fiend freezes you!! You resist.
* * * LOW HITPOINT WARNING * * *
The blizzard demon waves its arms in wide circles.
The air twists around and strikes you!
* * * LOW HITPOINT WARNING * * *
The green death closely misses you.
The reaper hits you from afar with a +1 scythe of protection!
* * * LOW HITPOINT WARNING * * *
The reaper drags you backwards!
You release your grip on the green death.
You spin and attack the green death.
You barely miss the green death. Your grab misses the green death.
The green death is heavily wounded.
Ylleofi's magic is no longer disrupted.
Ylleofi is no longer weakened.
The orange demon stings you but does no damage.
You block the Ice Fiend's attack.
The Ice Fiend claws you but does no damage.
The reaper hits you but does no damage.
The green death hits you but does no damage.
Ylleofi sneers, "Accept thy failure, thou gleeking toot-wallowing whip-jack!"
You block the Ice Fiend's attack. x2
The green death gestures at you. The bolt of poison misses you.
The orange demon stings you but does no damage.
The reaper hits you from afar with a +1 scythe of protection!
* * * LOW HITPOINT WARNING * * *
The blizzard demon gestures at you. The bolt of lightning hits you! You resist.
* * * LOW HITPOINT WARNING * * *
The green death misses you.
There is a gate leading to another region of Pandemonium here.
The orange demon barely misses you. The Ice Fiend claws you!
* * * LOW HITPOINT WARNING * * *
The Ice Fiend freezes you!! You resist.
You die...

.... ..........# ....
..........# #.##
#........# #..##
#........# #...##
#........#
#....###2.......#
##.&...##........#
####.2222..#........#
#....8243....#'####.#
#.....1#####.#....#.#
#.....## #.#....#.#
#.....# #.'....#.#
#.....# #.#....#.#
####### #.#....#.##
####.######...
...............
................


You could see Ylleofi, an Ice Fiend, a reaper, 3 green deaths, a blizzard demon,
an orange demon and a smoke demon.

Vanquished Creatures
  the Royal Jelly (Slime:5)
  5 dread liches
  An ancient lich (Vaults:5)
  An orb of fire (Zot:3)
  Mara (Shoals:4)
  A juggernaut (Depths:2)
  Josephina (Depths:2)
  Vashnia (Snake:4)
  Sojobo (Depths:1)
  Vv (Zot:1)
  2 Killer Klowns (Zot:2)
  2 curse toes
  Saint Roka (Orc:2)
  A caustic shrike (Depths:3)
  Geryon (Hell)
  7 golden dragons
  2 bone dragons
  A profane servitor (Abyss:3)
  2 electric golems
  2 Tzitzimimeh (Pan)
  An iron giant (Hell)
  A shard shrike zombie (Abyss:3)
  13 tentacled monstrosities
  2 hellephants
  An Ice Fiend (Depths:1)
  2 shard shrike skeletons
  A Hell Sentinel (Abyss:3)
  5 Orb Guardians (Zot:5)
  Zenata (Elf:2)
  14 liches
  Mlioglotl (Snake:4)
  A walking frostbound tome (Depths:2)
  A tainted leviathan (Depths:1)
  A walking divine tome (Depths:2)
  4 deep elf master archers (Elf:3)
  2 deep elf blademasters (Elf:3)
  2 pandemonium lords (Pan)
  A walking earthen tome (Depths:4)
  4 titans
  10 sphinxes
  13 quicksilver dragons
  8 ancient champions
  9 death cobs
  14 tentacled starspawn (Abyss:3)
  16 acid blobs
  2 krakens
  2 Executioners (Pan)
  6 shadow dragons
  11 storm dragons
  11 tengu reavers
  Donald (Snake:3)
  A revenant (Crypt:2)
  16 azure jellies
  The ghost of Kipt the Spry, an adept SpFE of Dithmenos (Vaults:3)
  Roxanne (Shoals:4)
  6 draconian monks
  6 protean progenitors
  10 fire giants
  3 draconian shifters
  3 iron dragons
  3 draconian knights
  14 rockslimes
  23 vault wardens
  4 deep elf sorcerers
  13 frost giants
  6 draconian scorchers
  5 deep elf elementalists (Elf:3)
  A curse skull (Crypt:1)
  2 ghost moths
  12 ironbound preservers
  4 draconian stormcallers
  4 ghouls
  4 balrugs
  A caustic shrike zombie (Abyss:3)
  A demonspawn corrupter (Pan)
  7 reapers
  An orc warlord (Vaults:3)
  6 draconian annihilators
  6 formless jellyfish
  9 quicksilver oozes (Slime:5)
  30 very ugly things
  12 black draconians
  2 demonspawn blood saints (Pan)
  13 green draconians
  3 vampire knights
  5 putrid mouths
  8 ironbound thunderhulks
  7 deep elf death magi
  An ophan (Abyss:3)
  22 stone giants
  9 deep elf demonologists
  A halazid warlock (Desolation)
  25 purple draconians
  The ghost of Befuwnopp the Grappler, a journeyman TrHu of Cheibriados (Lair:3)
  3 lorocyprocas
  11 white draconians
  53 starcursed masses
  5 spark wasps
  6 dire elephants
  2 war gargoyles
  A demonspawn black sun (Pan)
  7 deep elf annihilators
  7 yellow draconians
  7 red draconians
  3 iron golems (Hell)
  Azrael (Elf:2)
  4 eidola
  An ettin (shapeshifter) (Vaults:5)
  4 merfolk javelineers
  24 ettins
  An entropy weaver (Vaults:5)
  3 blizzard demons
  An acid blob zombie (Crypt:1)
  3 green deaths
  9 fire dragons
  7 merfolk impalers
  14 jiangshi
  2 ragged hierophants
  A quicksilver dragon skeleton (Abyss:3)
  2 mummy priests (Tomb:1)
  2 deep elf high priests (Elf:3)
  4 spriggan zombies
  Harold (D:10)
  20 yaktaur captains
  6 rakshasas
  16 great orbs of eyes
  14 ice dragons
  43 vault guards
  2 servants of whispers
  2 peacekeepers
  4 death knights
  5 ogre magi
  2 juggernaut simulacra (Depths:2)
  6 salamander tyrants
  7 ironbound frosthearts
  2 alligator snapping turtles (Shoals:4)
  4 hydras
  A fenstrider witch skeleton (Crypt:1)
  4 merfolk avatars
  Fannar (Lair:2)
  3 hell beasts
  10 anacondas
  13 centaur warriors
  7 merfolk aquamancers
  14 two-headed ogres
  3 death yaks (Lair:5)
  2 catoblepae
  10 boulder beetles
  8 naga warriors
  15 hell hogs
  3 satyrs
  4 death scarabs (Tomb:1)
  33 dancing weapons
  3 deep troll earth magi
  2 deep troll shamans
  8 tengu warriors
  8 vampire magi
  A bennu skeleton (Crypt:2)
  A sphinx skeleton (D:15)
  14 thrashing horrors
  4 spriggan berserkers
  11 demonic crawlers
  15 hell knights
  11 naga sharpshooters
  2 orc high priests (Orc:2)
  4 shock serpents
  Sonja (Lair:2)
  2 occultists (Depths:2)
  23 sun demons
  13 soul eaters
  13 deep elf knights
  A skyshark (shapeshifter) (Elf:3)
  A shadow wraith (Abyss:3)
  6 skysharks
  8 iron trolls
  2 sixfirhies (Abyss:3)
  2 spatial maelstroms (Abyss:3)
  13 skeletal warriors
  A ghost moth zombie (Crypt:3)
  8 flayed ghosts
  3 salamander mystics
  17 wretched stars
  A bunyip zombie (Crypt:3)
  14 sea snakes
  A storm dragon skeleton (Crypt:2)
  A spark wasp zombie (D:15)
  45 deep trolls
  3 naga ritualists
  6 mana vipers
  A swamp dragon (Lair:5)
  8 glowing orange brains
  A shadow demon (Depths:3)
  14 lindwurms
  15 harpies
  2 anaconda skeletons
  A steelbarb worm (shapeshifter) (Vaults:5)
  10 necromancers
  11 phantasmal warriors
  An elf zombie (Vaults:1)
  30 large abominations
  5 arcanists
  12 deep elf archers
  A golden dragon skeleton (Crypt:1)
  20 ironbound convokers
  29 deep elf pyromancers
  40 ugly things
  3 wolf spiders
  25 deep elf zephyrmancers
  5 orc knights
  16 salamanders
  11 manticores
  A shining eye (shapeshifter) (Vaults:4)
  33 fauns
  A goliath frog skeleton (Crypt:2)
  11 cyclopes
  A frost giant zombie (Crypt:3)
  6 orc sorcerers
  13 shining eyes
  A will-o-the-wisp (Abyss:3)
  2 iron dragon skeletons (Crypt:2)
  29 moths of wrath
  3 worldbinders (Abyss:3)
  A human skeleton (Vaults:1)
  3 meliai (D:14)
  10 naga magi
  7 guardian serpents
  16 merfolk sirens
  4 torpor snails
  6 rust devils
  27 black mambas
  6 kobold blastminers
  15 elephants
  16 vault sentinels
  2 apocalypse crabs (Abyss:3)
  2 dire elephant zombies
  2 water nymphs (Shoals:4)
  2 centaur skeletons
  An orange demon (Abyss:2)
  3 unseen horrors
  2 naga skeletons (Abyss:3)
  An ice statue (IceCv)
  2 molten gargoyles
  20 smoke demons
  5 gargoyles
  4 hellions
  2 guardian serpents (shapeshifter)
  13 cane toads
  A torpor snail (shapeshifter) (Vaults:5)
  An orc skeleton (Crypt:3)
  9 efreet
  A black mamba (shapeshifter) (D:15)
  An eye of devastation (Abyss:3)
  3 kobold demonologists
  Jeremiah (D:8)
  35 yaktaurs
  21 freezing wraiths
  An unseen horror (shapeshifter) (D:15)
  A bunyip simulacrum (Crypt:2)
  A storm dragon simulacrum (Crypt:2)
  7 rime drakes
  An anaconda simulacrum (IceCv)
  6 komodo dragons
  4 tengu conjurers
  6 ancient zymes
  31 merfolk
  7 guardian mummies (Tomb:1)
  3 red devils
  12 trolls
  16 ice devils
  4 hellwings
  A wind drake (shapeshifter) (Elf:2)
  7 wind drakes
  2 spectral guardian serpents (Crypt:1)
  4 glass eyes
  35 raiju (Abyss:3)
  4 tyrant leeches
  A harpy skeleton (Crypt:1)
  3 saltlings
  4 polar bears
  15 blink frogs
  10 dream sheep
  A snapping turtle (shapeshifter) (Vaults:5)
  A fire giant simulacrum (Depths:2)
  4 air elementals
  8 snapping turtles
  A jumping spider (shapeshifter) (Depths:3)
  A dire elephant simulacrum (IceCv)
  4 shadows
  107 slime creatures
  10 ynoxinuls
  51 yaks
  11 wraiths
  3 centaur simulacra (D:12)
  3 black mamba skeletons (Crypt:3)
  A wind drake zombie (Crypt:3)
  A vampire (Bailey)
  24 water elementals
  4 wargs
  12 basilisks
  4 fire bats (Abyss:3)
  5 vampire mosquitoes (D:12)
  9 wyverns
  4 humans (D:13)
  14 golden eyes
  2 fire elementals (Elf:2)
  3 steam dragons
  16 neqoxecs
  18 chaos spawn
  2 spatial vortices (Abyss:3)
  4 acid dragons
  2 death yak simulacra (IceCv)
  3 harpy simulacra
  37 nagas
  4 naga zombies
  17 small abominations (Abyss:3)
  A glowing shapeshifter zombie (Vaults:1)
  A two-headed ogre zombie (Crypt:1)
  A glowing shapeshifter skeleton (Vaults:1)
  14 water moccasins
  2 hydra simulacra (IceCv)
  2 hell hounds (Elf:2)
  41 orc warriors
  2 meliai simulacra (D:12)
  A black bear (shapeshifter) (Vaults:5)
  6 ice beasts
  3 swamp drakes (Lair:5)
  3 black bears
  37 laughing skulls
  18 ogres
  2 phantoms
  13 wolves
  13 centaurs
  4 kobold brigands
  4 weeping skulls (Abyss:3)
  A gnoll sergeant (D:3)
  A salamander zombie (Crypt:3)
  A brain worm (Abyss:3)
  7 bullfrogs
  2 salamander skeletons
  2 earth elementals (Elf:2)
  2 two-headed ogre simulacra (IceCv)
  A scorpion (Lair:2)
  A human simulacrum (Depths:2)
  7 cane toad simulacra (IceCv)
  A water moccasin zombie (Crypt:3)
  5 wights (D:8)
  2 burial acolytes (Crypt:3)
  A polar bear zombie (Crypt:1)
  A troll zombie (Crypt:1)
  4 elephant simulacra (IceCv)
  18 killer bees
  6 howler monkeys
  6 vampire bats (Bailey)
  8 wolf zombies
  2 electric eels
  2 bombardier beetles
  3 centaur zombies
  A quasit (Abyss:2)
  A basilisk zombie (Crypt:2)
  5 hounds
  2 jellies
  20 orc priests
  An iron imp (Abyss:3)
  A gnoll bouda (D:3)
  5 iguanas
  2 sleepcaps (D:5)
  25 orc wizards
  3 polar bear simulacra (IceCv)
  2 troll simulacra (IceCv)
  4 wolf simulacra (IceCv)
  A tengu skeleton (Crypt:2)
  13 mummies (Tomb:1)
  24 gnolls
  11 adders
  2 shadow imps (Abyss:3)
  14 white imps
  13 ufetubi
  4 dart slugs
  3 ribbon worms (D:2)
  102 orcs
  13 ball pythons
  7 bats
  10 endoplasms
  8 giant cockroaches
  9 hobgoblins
  23 jackals
  29 kobolds
  5 quokkas
  A bombardier beetle zombie (Crypt:1)
  10 frilled lizards
  12 goblins
  26 orc zombies (Bailey)
  3 rats
  7 aspiring fleshes
  8 starspawn tentacles (Abyss:3)
  5 tentacles (Shoals:3)
3101 creatures vanquished.

Vanquished Creatures (others)
  A deep elf knight (Elf:2)
  An orc knight (Orc:2)
  A moth of wrath (Zot:4)
  A guardian serpent (Snake:4)
  A fire giant simulacrum (Depths:2)
  A small abomination (Abyss:3)
  2 fire bats (Abyss:3)
  A human (D:13)
  A steam dragon (Abyss:3)
  A chaos spawn (Abyss:3)
  2 foxfires (Abyss:3)
  2 lurking horrors (Abyss:3)
  14 starspawn tentacles (Abyss:3)
  5 tentacles (Shoals:3)
34 creatures vanquished.

Grand Total: 3135 creatures vanquished

Notes
Turn   | Place    | Note
-------+----------+-------------------------------------------
     0 | D:1      | monsoonserge the Naga Shapeshifter began the quest for the
                  | Orb.
     0 | D:1      | Reached XP level 1. HP: 18/18 MP: 1/1
     3 | D:1      | Noticed an electric eel
     4 | D:1      | Noticed an electric eel
   145 | D:1      | Reached XP level 2. HP: 25/25 MP: 2/2
   392 | D:1      | Reached XP level 3. HP: 29/31 MP: 3/3
   401 | D:1      | Reached skill level 4 in Unarmed Combat
   425 | D:1      | Found a faded altar of an unknown god.
   596 | D:1      | Found Jaorunox's Magic Scroll Shop.
   679 | D:1      | Found Suedoet's Weapon Shop.
  1028 | D:2      | Reached XP level 4. HP: 38/38 MP: 4/4
  1262 | D:1      | Bought a scroll of teleportation for 33 gold pieces
  1496 | D:2      | Reached skill level 5 in Unarmed Combat
  1496 | D:2      | Reached XP level 5. HP: 41/44 MP: 5/5
  1637 | D:2      | Reached skill level 1 in Throwing
  1637 | D:2      | Reached skill level 1 in Stealth
  2333 | D:3      | Found Dicoth's Assorted Antiques.
  2342 | D:3      | Bought a scroll labelled DEUSTR TEEPSEA for 27 gold pieces
  2342 | D:3      | Bought a scroll labelled IMNAELEITU for 27 gold pieces
  2488 | D:4      | Found a staircase to the Ecumenical Temple.
  2504 | Temple   | Entered the Ecumenical Temple
  2519 | Temple   | Became a worshipper of the Wu Jian Council
  2584 | D:4      | Found a sacrificial altar of Ru.
  2591 | D:4      | Reached XP level 6. HP: 51/52 MP: 6/6
  2843 | D:4      | Reached skill level 6 in Unarmed Combat
  3306 | D:5      | Entered Level 5 of the Dungeon
  3343 | D:5      | Reached XP level 7. HP: 54/60 MP: 7/7
  3441 | D:5      | Reached skill level 7 in Unarmed Combat
  3607 | D:5      | Reached skill level 1 in Armour
  3736 | D:5      | Noticed a wraith
  3753 | D:5      | Killed a wraith
  3754 | D:5      | Reached skill level 8 in Unarmed Combat
  3754 | D:5      | Reached XP level 8. HP: 51/68 MP: 8/8
  3831 | D:5      | Reached * piety under Wu Jian
  3917 | D:5      | Identified the +0 pair of gloves "Hiufiosm" {rC+ Stlth+}
  4231 | D:6      | Reached skill level 1 in Evocations
  4302 | D:6      | Reached skill level 5 in Shapeshifting
  5004 | D:7      | Noticed a wyvern
  5191 | D:7      | Noticed a wyvern
  5196 | D:7      | Killed a wyvern
  5197 | D:7      | Reached XP level 9. HP: 60/75 MP: 9/9
  5960 | D:7      | Reached ** piety under Wu Jian
  6304 | D:7      | Reached skill level 9 in Unarmed Combat
  6542 | D:8      | Noticed an elephant
  6543 | D:8      | Found a staircase to the Lair.
  6560 | D:8      | Killed an elephant
  6817 | D:8      | Reached XP level 10. HP: 69/85 MP: 10/10
  7036 | D:8      | Reached skill level 10 in Unarmed Combat
  7144 | D:8      | Found a shadowy altar of Dithmenos.
  7544 | D:8      | Found a shimmering blue altar of Sif Muna.
  7812 | D:8      | Found a stormy altar of Qazlal.
  7830 | D:8      | Noticed Jeremiah
  7839 | D:8      | Killed Jeremiah
  8289 | D:9      | Found a flagged portal.
  8559 | Bailey   | Entered a bailey
  8589 | Bailey   | Reached *** piety under Wu Jian
  8791 | Bailey   | Reached skill level 11 in Unarmed Combat
  8987 | Bailey   | Noticed a gargoyle
  8998 | Bailey   | Killed a gargoyle
  8998 | Bailey   | Reached skill level 5 in Stealth
  9326 | Bailey   | Identified the +5 leather armour of Privacy {Int+2}
  9613 | D:8      | Reached **** piety under Wu Jian
  9625 | D:9      | Reached XP level 11. HP: 87/93 MP: 11/11
  9835 | D:9      | Found Felobb Aniha's Antique Armour Shop.
 10431 | D:10     | Entered Level 10 of the Dungeon
 10518 | D:10     | Noticed a two-headed ogre
 10529 | D:10     | Killed a two-headed ogre
 10530 | D:10     | Reached skill level 12 in Unarmed Combat
 10830 | D:10     | Noticed Harold
 10840 | D:10     | Killed Harold
 10992 | D:10     | Noticed a two-headed ogre
 11004 | D:10     | Killed a two-headed ogre
 11884 | D:11     | Identified the +1 robe "Unoreine" {rF- rC+++ rCorr Stlth+}
 11919 | D:11     | Noticed a purple ugly thing
 12023 | Lair:1   | Entered Level 1 of the Lair of Beasts
 12559 | Lair:1   | Reached skill level 13 in Unarmed Combat
 13025 | Lair:2   | Noticed Sonja
 13389 | Lair:2   | Reached XP level 12. HP: 92/100 MP: 12/12
 13717 | Lair:3   | Reached skill level 5 in Fighting
 13725 | Lair:3   | Reached skill level 14 in Unarmed Combat
 13735 | Lair:3   | Reached skill level 10 in Shapeshifting
 13952 | Lair:2   | Noticed a skyshark
 13963 | Lair:2   | Killed a skyshark
 14065 | Lair:2   | HP: 5/103 [poisoned by a cane toad]
 14070 | Lair:2   | HP: 2/103 [poisoned by a cane toad]
 14094 | Lair:2   | Reached skill level 5 in Dodging
 14141 | Lair:2   | Reached ***** piety under Wu Jian
 14373 | Lair:2   | Noticed a catoblepas
 14382 | Lair:2   | Killed a catoblepas
 14458 | Lair:2   | Killed Sonja
 14668 | D:1      | Bought a scroll of acquirement for 572 gold pieces
 14669 | D:1      | Acquired 702 gold pieces
 15063 | D:11     | Reached skill level 15 in Unarmed Combat
 15350 | D:11     | Gained mutation: You can use your snake-like lower body to
                  | constrict enemies. [Naga growth]
 15350 | D:11     | Reached XP level 13. HP: 93/110 MP: 13/13
 15663 | D:11     | Found an iron altar of Okawaru.
 16207 | Lair:2   | Noticed Fannar
 16257 | Lair:2   | Killed Fannar
 17723 | Lair:3   | Found a runed translucent door.
 17723 | Lair:3   | Found a shimmering altar of Xom.
 17723 | Lair:3   | Noticed Befuwnopp's ghost (journeyman TrHu)
 17733 | Lair:3   | Found a staircase to the Snake Pit.
 17757 | Lair:3   | Reached skill level 16 in Unarmed Combat
 17875 | Lair:3   | Found a staircase to the Shoals.
 18721 | Snake:1  | Entered Level 1 of the Snake Pit
 19467 | Lair:4   | Reached XP level 14. HP: 114/121 MP: 14/14
 19627 | Lair:5   | Entered Level 5 of the Lair of Beasts
 19818 | Lair:5   | Reached skill level 17 in Unarmed Combat
 20064 | Lair:5   | Found a staircase to the Slime Pits.
 20068 | Lair:5   | Found a viscous altar of Jiyva.
 20092 | Lair:5   | Identified the amulet of Paofe {Spirit ^Contam ^Fragile Fly
                  | rN+++}
 21553 | Lair:5   | Reached skill level 18 in Unarmed Combat
 21838 | Lair:5   | Identified the +8 long sword "Leviticus" {flame, Will+
                  | SInv}
 21997 | Lair:5   | Reached ****** piety under Wu Jian
 22718 | D:12     | Found a staircase to the Orcish Mines.
 22761 | D:12     | Found Sieffost's CLEARANCE SALE!.
 22767 | D:12     | Bought 2 potions of mutation for 96 gold pieces
 22767 | D:12     | Bought a wand of flame (7) for 29 gold pieces
 23094 | D:12     | Found a frozen archway.
 23245 | IceCv    | Entered an ice cave
 23805 | IceCv    | Found an ancient bone altar of Kikubaaqudgha.
 24018 | IceCv    | Reached XP level 15. HP: 85/128 MP: 12/15
 24513 | IceCv    | Identified the ring "Zuegh" {rPois rF+ rC+ rN+ Int-4}
 24683 | D:12     | Acquired 707 gold pieces
 25799 | D:3      | Reached skill level 19 in Unarmed Combat
 26749 | D:12     | Identified the +11 chain mail of the Eternal Void {rC+ MP+9
                  | Dex+3}
 26749 | D:12     | Identified the +2 dagger of the Imperium {heavy, *Rage
                  | +Blink rElec rPois}
 26750 | D:12     | Got the Vademecum on the Numb Mesa
 27083 | D:13     | Identified the +0 sling of Tenacity {speed, rElec rPois
                  | Will+ SInv}
 27475 | D:13     | Found a gate to the Vaults.
 27979 | D:14     | Found Zelim's Antique Weapon Boutique.
 28086 | D:14     | Found Moxica Biaci's Assorted Antiques.
 28089 | D:14     | Bought a glowing grey potion for 29 gold pieces
 28089 | D:14     | Bought a scroll labelled JYCEMNO DAIGE for 33 gold pieces
 28151 | D:14     | Found Seany's Assorted Antiques.
 28156 | D:14     | Bought 2 scrolls labelled MUGHUU ECSELE for 76 gold pieces
 28156 | D:14     | Bought a scroll labelled VANETAOPPA ICK for 38 gold pieces
 28344 | D:14     | Reached skill level 5 in Evocations
 28770 | D:14     | Found Mugaarab's Armour Shop.
 28790 | D:14     | Found Catampyt's Antique Armour Shop.
 28797 | D:14     | Bought a transparent leather armour for 196 gold pieces
 28797 | D:14     | Identified the +1 leather armour "Reitof" {Harm rElec
                  | Int-3} (You bought it in a shop on level 14 of the Dungeon)
 29310 | D:15     | Entered Level 15 of the Dungeon
 29389 | D:15     | Reached XP level 16. HP: 123/138 MP: 16/16
 29390 | D:15     | Found a staircase to the Depths.
 29393 | D:15     | Reached skill level 5 in Armour
 30024 | D:15     | Reached skill level 20 in Unarmed Combat
 30060 | D:15     | Identified the ring "Etriu" {rF+ Str+6}
 30634 | Orc:1    | Entered Level 1 of the Orcish Mines
 30938 | Orc:1    | Noticed a kraken
 30946 | Orc:1    | You are sucked into a shaft and drop 1 floor!
 30946 | Orc:2    | Entered Level 2 of the Orcish Mines
 30948 | Orc:2    | Found a staircase to the Elven Halls.
 31715 | Orc:2    | Found Useudwe's General Store.
 31722 | Orc:2    | Bought a potion of heal wounds for 85 gold pieces
 31722 | Orc:2    | Bought a scroll of silence for 161 gold pieces
 31772 | Orc:2    | Found Guigauc's Antique Armour Emporium.
 31774 | Orc:2    | Found Biokaut's Antique Weapon Shoppe.
 32204 | Orc:2    | Noticed Saint Roka
 32217 | Orc:2    | Killed Saint Roka
 32715 | Orc:2    | Found Lameqi's Assorted Antiques.
 32835 | Elf:1    | Entered Level 1 of the Elven Halls
 32857 | Elf:1    | Found Syurov's Armour Emporium.
 32862 | Elf:1    | Found Cicim's Magic Scroll Emporium.
 32881 | Elf:1    | Bought a scarf of repulsion for 192 gold pieces
 32910 | Elf:1    | Found a radiant altar of Vehumet.
 32936 | Elf:1    | HP: 4/138 [deep elf zephyrmancer/bolt of lightning (25)]
 33119 | Elf:1    | Found a crumbling gateway.
 33246 | Desolati | Entered the Desolation of Salt
 33261 | Desolati | Reached skill level 10 in Stealth
 33888 | Lair:3   | Reached XP level 17. HP: 144/144 MP: 17/17
 33899 | Lair:3   | Killed Befuwnopp's ghost
 33954 | Shoals:1 | Entered Level 1 of the Shoals
 34263 | Shoals:1 | Reached skill level 1 in Spellcasting
 34345 | Shoals:1 | Found a gateway to a bazaar.
 34364 | Bazaar   | Entered a bazaar
 34382 | Bazaar   | Found Puniw's General Store.
 34424 | Bazaar   | Found Surghito's Book Emporium.
 34424 | Bazaar   | Found Kusywibb's Assorted Antiques.
 34513 | Bazaar   | Bought a scroll of fear for 44 gold pieces
 34513 | Bazaar   | Bought a scroll of blinking for 82 gold pieces
 34513 | Bazaar   | Bought 4 atropa-tipped darts for 39 gold pieces
 34913 | Snake:1  | Found Muar's Assorted Antiques.
 34915 | Snake:1  | Reached skill level 21 in Unarmed Combat
 35055 | Snake:1  | Found Untalot's Distillery.
 35058 | Snake:1  | Bought a potion of cancellation for 136 gold pieces
 35058 | Snake:1  | Bought a potion of heal wounds for 85 gold pieces
 35079 | Snake:1  | Found Boug's Armour Boutique.
 35208 | Snake:1  | Identified the ring "Nylun" {rC+ rN+ Will+ rCorr Int+3}
 35379 | Snake:1  | Found a shimmering altar of Xom.
 35448 | Snake:1  | Found Alurchon's General Store.
 36807 | Snake:3  | Noticed Donald
 36817 | Snake:3  | Killed Donald
 37776 | Snake:4  | Entered Level 4 of the Snake Pit
 38198 | Snake:4  | Found Wearoasch's Antique Weapon Shop.
 38204 | Snake:4  | Reached XP level 18. HP: 144/154 MP: 21/21
 38649 | Shoals:1 | Identified the +1 ring mail of Untold Secrets {Regen+
                  | Int+2}
 39194 | Shoals:2 | Reached skill level 15 in Shapeshifting
 39552 | Shoals:2 | Reached skill level 10 in Armour
 41884 | Shoals:4 | Entered Level 4 of the Shoals
 42429 | Shoals:4 | Noticed Mara
 42436 | Shoals:4 | Noticed monsoonserge's illusion
 42438 | Shoals:4 | Killed Mara
 42664 | Shoals:4 | Reached XP level 19. HP: 145/163 MP: 22/22
 42747 | Shoals:4 | Noticed Roxanne
 42957 | Shoals:4 | Got a barnacled rune of Zot
 43421 | Shoals:4 | Killed Roxanne
 44152 | Snake:4  | Noticed Vashnia
 44156 | Snake:4  | Noticed Mlioglotl
 44651 | Vaults:1 | Entered Level 1 of the Vaults
 44663 | Vaults:1 | Reached skill level 1 in Shields
 44956 | Vaults:1 | Identified the staff "Killer Klown's Peril" {rElec Dex+3
                  | Conj Air}
 45554 | Vaults:1 | Reached skill level 5 in Shields
 45777 | Vaults:1 | Found Tyukua's Weapon Emporium.
 45894 | Vaults:1 | Identified the +6 arbalest "Qissicag" {drain, rF+ rN+}
 46784 | Vaults:2 | Got the Annotations on Grim Conduction
 47182 | Vaults:2 | Found Zete's Antique Weapon Boutique.
 47349 | Vaults:2 | Found a portal to a secret trove of treasure.
 48302 | Vaults:2 | You paid a toll of a +6 demon whip to enter a treasure
                  | trove
 48303 | Trove    | Entered a treasure trove
 48335 | Trove    | Learned a level 2 spell: Blink
 48370 | Trove    | Got Sif Muna's Basics of Thaumaturgy
 48563 | Vaults:2 | Reached XP level 20. HP: 174/174 MP: 23/23
 48725 | Vaults:2 | Found Didehag's Armour Emporium.
 48733 | Vaults:2 | Reached skill level 1 in Translocations
 48874 | Vaults:2 | Acquired 706 gold pieces
 49265 | Vaults:2 | Found a staircase to the Crypt.
 49265 | Vaults:2 | Found an ancient bone altar of Kikubaaqudgha.
 49266 | Vaults:2 | Found a basalt altar of Yredelemnul.
 49616 | Vaults:3 | Identified the +2 robe "Asomig" {Stlth+}
 49774 | Vaults:3 | Learned a level 3 spell: Fugue of the Fallen
 50278 | Vaults:3 | Found a transporter.
 50280 | Vaults:3 | Found a bloodstained altar of Trog.
 50280 | Vaults:3 | Noticed Kipt's ghost (adept SpFE)
 50295 | Vaults:3 | Identified the +1 fire dragon scales of the Wheelwright
                  | {*Slow +Blink rF++ rC- rN+}
 50299 | Vaults:3 | Found a transporter.
 50512 | Vaults:3 | Reached skill level 1 in Necromancy
 50739 | Vaults:3 | Found Guahy's Distillery.
 50775 | Vaults:3 | Found Uwiohor's Book Boutique.
 51679 | Vaults:4 | Reached skill level 22 in Unarmed Combat
 51863 | Vaults:4 | Found Xaumek's Jewellery Emporium.
 51888 | Vaults:4 | Bought the ring of the Vanishing Hells {rElec Str+6} for
                  | 650 gold pieces
 52231 | Vaults:4 | Identified the +5 great sword "Kafyixysm" {freeze, rElec
                  | rF- rC+ Int+3}
 52326 | Vaults:4 | Reached XP level 21. HP: 155/181 MP: 28/28
 52547 | Vaults:4 | Reached skill level 10 in Evocations
 53100 | Crypt:1  | Entered Level 1 of the Crypt
 53148 | Crypt:1  | Noticed a dread lich
 53157 | Crypt:1  | Killed a dread lich
 53159 | Crypt:1  | Reached skill level 5 in Spellcasting
 53506 | Crypt:1  | Found the +3 pair of mountain boots {steadfast, rC+}
 53654 | Crypt:1  | Reached skill level 5 in Translocations
 55341 | Crypt:3  | Entered Level 3 of the Crypt
 55395 | Crypt:3  | Reached skill level 23 in Unarmed Combat
 55545 | Crypt:3  | Found the +13 scythe of Curses {drain, curses, ^Drain}
 55569 | Crypt:3  | Reached skill level 5 in Necromancy
 55784 | Crypt:3  | Noticed a curse toe
 55784 | Crypt:3  | Noticed a bone dragon
 55788 | Crypt:3  | Killed a curse toe
 55794 | Crypt:3  | Killed a bone dragon
 55927 | Crypt:3  | Reached XP level 22. HP: 122/189 MP: 24/30
 56102 | Crypt:3  | Found a staircase to the Tomb.
 56138 | Crypt:3  | Found an ancient bone altar of Kikubaaqudgha.
 56583 | Crypt:3  | Identified the +9 hand axe of Rotation {elec, rF- rN+ rCorr
                  | Dex+2}
 56585 | Crypt:3  | Identified the staff of Jeiliopousk {rElec rF+ rC+ Fire}
 56587 | Crypt:3  | Got Ulilekk's Opusculum on the Salamander and Freezing
 57748 | Snake:4  | Killed Mlioglotl
 58300 | Snake:4  | Killed Vashnia
 58810 | Snake:4  | Got a serpentine rune of Zot
 59198 | Slime:1  | Entered Level 1 of the Pits of Slime
 59582 | Slime:2  | Gained mutation: Your mind is acute. (Int +4, Str/Dex -1)
                  | [a shining eye]
 59752 | Slime:1  | Paralysed by a formless jellyfish for 1 turns
 60178 | Slime:3  | Gained mutation: Your magical capacity is low. (-10% MP) [a
                  | shining eye]
 60186 | Slime:3  | Gained mutation: Your spells are a little easier to cast,
                  | but a little less powerful. [a shining eye]
 60187 | Slime:3  | Gained mutation: You do not regenerate when monsters are
                  | visible. [a shining eye]
 60376 | Slime:2  | Reached skill level 10 in Fighting
 61042 | Slime:4  | Gained mutation: You sometimes lose your temper in combat.
                  | [a shining eye]
 61045 | Slime:3  | Lost mutation: You sometimes lose your temper in combat.
                  | [potion of mutation]
 61045 | Slime:3  | Lost mutation: Your spells are a little easier to cast, but
                  | a little less powerful. [potion of mutation]
 61045 | Slime:3  | Lost mutation: You do not regenerate when monsters are
                  | visible. [potion of mutation]
 61045 | Slime:3  | Gained mutation: You are weak. (Str -2) [potion of
                  | mutation]
 61045 | Slime:3  | Gained mutation: You expend magic power (3 MP) to
                  | strengthen your wands. [potion of mutation]
 61351 | Slime:4  | Gained mutation: Your health recovers twice as slowly from
                  | being drained. [a shining eye]
 61353 | Slime:4  | Gained mutation: Your body sometimes deteriorates upon
                  | taking damage. [a shining eye]
 61482 | Slime:5  | Entered Level 5 of the Pits of Slime
 61499 | Slime:5  | Gained mutation: You occasionally lose the ability to drink
                  | potions when taking damage. [a shining eye]
 61575 | Slime:5  | Reached skill level 24 in Unarmed Combat
 61576 | Slime:5  | Gained mutation: Your spells are a little easier to cast,
                  | but a little less powerful. [a shining eye]
 61577 | Slime:5  | Gained mutation: Your body often deteriorates upon taking
                  | damage. [a shining eye]
 61589 | Slime:5  | Noticed the Royal Jelly
 61596 | Slime:5  | Killed the Royal Jelly
 61610 | Slime:5  | Reached XP level 23. HP: 53/199 MP: 8/28
 61655 | Slime:5  | Got Sif Muna's Tutorial on the Rites and Rhymes
 61659 | Slime:5  | Got the Codex of Chemistry
 61935 | Slime:5  | Gained mutation: You are very weak. (Str -4) [a shining
                  | eye]
 61981 | Slime:5  | Got a slimy rune of Zot
 61984 | Slime:5  | Identified the +1 plate armour "Uhihu" {Fly rF- rC++ rCorr}
 62165 | Slime:5  | Got the Information on the Frostbound Volcano
 62166 | Slime:5  | Identified the ring of the Modern Moons {Wiz Str+4}
 62175 | Slime:5  | Learned a level 4 spell: Cause Fear
 62175 | Slime:5  | Identified the +0 plate armour of Rotini {^Drain rC+ rN+
                  | Int+2}
 62181 | Slime:5  | Identified the +5 shortbow of Rorphy {drain, rF+ Will+ MP+9
                  | Str+3}
 62349 | Slime:5  | Identified the staff of Disarray {rPois Conj Hexes}
 62350 | Slime:5  | Identified the amulet "Xomiss" {Harm rC+ Regen+ Dex+2
                  | Stlth+}
 62358 | Slime:5  | Got Sif Muna's Vademecum on the Serac
 62860 | Lair:5   | Lost mutation: Your spells are a little easier to cast, but
                  | a little less powerful. [potion of mutation]
 62860 | Lair:5   | Lost mutation: You expend magic power (3 MP) to strengthen
                  | your wands. [potion of mutation]
 62860 | Lair:5   | Lost mutation: Your mind is acute. (Int +4, Str/Dex -1)
                  | [potion of mutation]
 62860 | Lair:5   | Gained mutation: You have a somewhat thin skeletal
                  | structure. (Dex +2, Stealth+) [potion of mutation]
 62861 | Lair:5   | Lost mutation: Your body often deteriorates upon taking
                  | damage. [potion of mutation]
 62861 | Lair:5   | Lost mutation: Your body sometimes deteriorates upon taking
                  | damage. [potion of mutation]
 62861 | Lair:5   | Gained mutation: Your flesh is heat resistant. (rF+)
                  | [potion of mutation]
 62862 | Lair:5   | Lost mutation: Your flesh is heat resistant. (rF+) [potion
                  | of mutation]
 62862 | Lair:5   | Lost mutation: You are very weak. (Str -4) [potion of
                  | mutation]
 62862 | Lair:5   | Gained mutation: You are covered in fur. (AC +1) [potion of
                  | mutation]
 62862 | Lair:5   | Gained mutation: Your mind is acute. (Int +4, Str/Dex -1)
                  | [potion of mutation]
 62862 | Lair:5   | Gained mutation: Your body sometimes deteriorates upon
                  | taking damage. [potion of mutation]
 62863 | Lair:5   | Lost mutation: Your body sometimes deteriorates upon taking
                  | damage. [potion of mutation]
 62863 | Lair:5   | Lost mutation: Your magical capacity is low. (-10% MP)
                  | [potion of mutation]
 62863 | Lair:5   | Gained mutation: You are frail. (-10% HP) [potion of
                  | mutation]
 62863 | Lair:5   | Gained mutation: You have an increased reservoir of magic.
                  | (+10% MP) [potion of mutation]
 63148 | Depths:1 | Entered Level 1 of the Depths
 63155 | Depths:1 | Noticed Sojobo
 63167 | D:15     | Reached skill level 1 in Hexes
 63178 | Depths:1 | Paralysed by an air elemental for 1 turns
 63288 | Depths:1 | Paralysed by an air elemental for 1 turns
 63326 | Depths:1 | Paralysed by an air elemental for 1 turns
 63330 | Depths:1 | Killed Sojobo
 64010 | Depths:1 | Found a gateway to Hell.
 64463 | Depths:2 | Noticed a juggernaut
 64815 | Depths:2 | Found Xofout's Self-Published Books.
 64953 | Depths:2 | Found a one-way gate leading to the halls of Pandemonium.
 65032 | Depths:2 | Identified the ring of Yluluul {Ice Will+ rCorr MP-9 Str+3}
 65032 | Depths:2 | Noticed Josephina
 65039 | Depths:2 | Killed Josephina
 65623 | Depths:2 | Reached skill level 5 in Hexes
 65666 | Depths:2 | Identified the ring of Bodily Harmony {rC+ rN+ Will+ Int+2}
 66268 | Depths:2 | Killed a juggernaut
 66370 | Depths:3 | Found a one-way gateway to a ziggurat.
 66488 | Depths:3 | Reached skill level 25 in Unarmed Combat
 66620 | Depths:3 | Found a one-way gate to the infinite horrors of the Abyss.
 66771 | Depths:3 | Noticed a caustic shrike
 66775 | Depths:3 | Killed a caustic shrike
 66780 | Depths:3 | Noticed a golden dragon
 66783 | Depths:3 | Reached skill level 15 in Evocations
 66783 | Depths:3 | Killed a golden dragon
 66784 | Depths:3 | Reached XP level 24. HP: 110/189 MP: 26/35
 67843 | Depths:4 | Entered Level 4 of the Depths
 68522 | Depths:4 | Found a gate to the Realm of Zot.
 68731 | Depths:4 | Found Zeuxtiam's Assorted Antiques.
 69005 | Depths:4 | Reached skill level 26 in Unarmed Combat
 69411 | Zot:1    | Entered Level 1 of the Realm of Zot
 70063 | Vaults:5 | Entered Level 5 of the Vaults
 70522 | Vaults:5 | Noticed a dread lich
 70575 | Vaults:5 | Reached XP level 25. HP: 89/198 MP: 14/35
 70592 | Vaults:5 | Found Iwyn's Book Shop.
 70593 | Vaults:5 | Noticed an ancient lich
 70598 | Vaults:5 | Found Jasuk's Antique Weapon Shoppe.
 70601 | Vaults:5 | Killed an ancient lich
 70881 | Vaults:5 | Found Nivoz's Antique Armour Boutique.
 70887 | Vaults:5 | Reached skill level 10 in Hexes
 70913 | Vaults:5 | Got a silver rune of Zot
 71377 | Vaults:4 | Reached skill level 27 in Unarmed Combat
 71602 | Vaults:5 | Killed a dread lich
 71607 | Vaults:5 | Found Okhliut's Distillery.
 71684 | Vaults:5 | Found Vassu's Distillery.
 71775 | Vaults:5 | Found Locyty's Antique Armour Shop.
 71798 | Vaults:5 | Found Hosunliza's Distillery.
 72594 | Vaults:5 | Reached XP level 26. HP: 207/207 MP: 35/35
 73128 | Zot:1    | Reached skill level 10 in Dodging
 73746 | Zot:1    | Noticed Vv
 73755 | Zot:1    | Killed Vv
 73911 | Zot:1    | Learned a level 5 spell: Yara's Violent Unravelling
 73971 | Zot:1    | Reached skill level 15 in Stealth
 74004 | Zot:1    | Reached skill level 1 in Alchemy
 74021 | Zot:1    | You are sucked into a shaft and drop 1 floor!
 75027 | Zot:2    | Reached XP level 27. HP: 155/216 MP: 33/35
 75181 | Zot:2    | Reached skill level 5 in Alchemy
 75655 | Depths:3 | Voluntarily entered the Abyss.
 75772 | Abyss:2  | Found a sacrificial altar of Ru.
 75776 | Abyss:2  | Found a corrupted altar of Lugonu.
 75988 | Abyss:2  | Found a corrupted altar of Lugonu.
 76028 | Abyss:3  | Found a corrupted altar of Lugonu.
 76047 | Abyss:3  | Gained mutation: You are clumsy. (Dex -2) [a neqoxec]
 76153 | Depths:3 | Escaped the Abyss
 76224 | Depths:3 | Voluntarily entered the Abyss.
 76292 | Depths:3 | Escaped the Abyss
 76383 | Depths:3 | Voluntarily entered the Abyss.
 76595 | Depths:3 | Escaped the Abyss
 76649 | Depths:3 | Voluntarily entered the Abyss.
 76853 | Abyss:3  | Noticed a dread lich
 76866 | Abyss:3  | Killed a dread lich
 76870 | Abyss:3  | Gained mutation: You are very frail. (-20% HP) [a neqoxec]
 76990 | Abyss:3  | Found a corrupted altar of Lugonu.
 77348 | Depths:3 | Escaped the Abyss
 77485 | Depths:3 | Voluntarily entered the Abyss.
 77868 | Abyss:3  | Found an ornate altar of the Wu Jian Council.
 77955 | Depths:3 | Escaped the Abyss
 78050 | Depths:3 | Voluntarily entered the Abyss.
 78062 | Abyss:3  | Found a corrupted altar of Lugonu.
 78075 | Abyss:3  | Found a corrupted altar of Lugonu.
 78218 | Abyss:3  | Found a corrupted altar of Lugonu.
 78660 | Abyss:3  | Noticed a dread lich
 78666 | Abyss:3  | Killed a dread lich
 78667 | Abyss:3  | Reached skill level 10 in Alchemy
 78679 | Abyss:3  | Noticed a dread lich
 78689 | Abyss:3  | Got an abyssal rune of Zot
 78694 | Abyss:3  | Killed a dread lich
 78709 | Depths:3 | Escaped the Abyss
 79120 | Elf:1    | Reached skill level 15 in Fighting
 79464 | D:12     | Bought a wand of digging (4) for 100 gold pieces
 79634 | Elf:1    | Found Gexuoh's Gadget Gallery.
 79642 | Elf:1    | Found Podebeth's Weapon Shoppe.
 80073 | Elf:2    | Noticed Zenata
 80076 | Elf:2    | Paralysed by an air elemental for 1 turns
 80081 | Elf:2    | Killed Zenata
 80337 | Elf:1    | Found an ancient bone altar of Kikubaaqudgha.
 80407 | Elf:2    | Found a huge runed translucent gate.
 80407 | Elf:2    | Found a huge runed translucent gate.
 80407 | Elf:2    | Found a huge runed translucent gate.
 80407 | Elf:2    | Found a huge runed translucent gate.
 80408 | Elf:2    | Found a huge runed translucent gate.
 80480 | Elf:2    | Found Fyxtirub's Book Shoppe.
 80773 | Elf:3    | Entered Level 3 of the Elven Halls
 81822 | Elf:2    | Noticed Azrael
 81828 | Elf:2    | Killed Azrael
 82502 | Elf:3    | Identified the amulet "Voder" {Faith rF+++ Str+4 Int-5}
 82737 | Elf:3    | Identified the +8 short sword of Untimely Demise {freeze,
                  | rN+}
 82746 | Elf:3    | Identified the +1 leather armour "Hunlumpa" {rN++ MP-9}
 82759 | Elf:3    | Identified the staff of Courage {rN+ Necro Air}
 82792 | Elf:3    | Identified the +4 chain mail "Qaip" {Regen+ Stlth+}
 82818 | Elf:3    | Learned a level 3 spell: Mephitic Cloud
 82835 | Elf:3    | Got the Vademecum on Translocated Gusts
 82865 | Elf:3    | Got the Secrets of Geological Cinders
 82875 | Elf:3    | Identified the +8 arbalest of the Chickpea {flame, Fly}
 83688 | Tomb:1   | Entered Level 1 of the Tomb of the Ancients
 83791 | Tomb:1   | Paralysed by a sphinx for 3 turns
 84168 | Tomb:1   | Noticed a royal mummy
 84171 | Tomb:1   | Noticed a royal mummy
 84514 | Vaults:3 | Killed Kipt's ghost
 84542 | Vaults:3 | Identified the ring of Fitiyvy {AC+4 Dex+3}
 84879 | Hell     | Entered the Vestibule of Hell
 84879 | Hell     | Noticed Geryon
 85064 | Depths:1 | Gained mutation: You are extremely frail. (-30% HP)
                  | [mutagenic glow]
 85809 | Hell     | Killed Geryon
 86279 | Hell     | Found a gateway to the freezing wastes of Cocytus.
 86429 | Hell     | Found a gateway to the decaying netherworld of Tartarus.
 86504 | Hell     | Found a gateway to the ashen valley of Gehenna.
 86628 | Hell     | Found a gateway to the Iron City of Dis.
 87520 | Zot:2    | Reached skill level 1 in Air Magic
 87522 | Zot:2    | Reached skill level 1 in Conjurations
 88355 | Zot:2    | Identified the +4 chain mail of Jurcha Wamil {Slay+3}
 88413 | Zot:2    | Identified the +6 ring mail of the Accordion {Dex+2}
 88884 | Zot:3    | Noticed an orb of fire
 88898 | Zot:3    | Killed an orb of fire
 89382 | Zot:3    | Learned a level 7 spell: Enfeeble
 89387 | Zot:3    | Learned a level 4 spell: Vhi's Electric Charge
 91438 | Zot:4    | Identified the amulet "Juabb" {Regen+ Str-4 Int+6}
 91943 | Zot:5    | Entered Level 5 of the Realm of Zot
 92105 | Zot:5    | Reached skill level 15 in Hexes
 92706 | Pan      | Entered Pandemonium
 92909 | Pan      | Found an exit through the horrors of the Abyss.
 93174 | Pan      | Noticed Ugeh Pab the pandemonium lord
 93183 | Pan      | Killed Ugeh Pab the pandemonium lord
 93190 | Pan      | Lost mutation: You are covered in fur. (AC +1) [a neqoxec]
 93200 | Pan      | Got a demonic rune of Zot
 93209 | Pan      | Identified the +9 morningstar "Glorpo" {heavy, rPois rCorr
                  | Str+3}
 93694 | Pan      | Noticed Cahurph Zoet the pandemonium lord
 93710 | Pan      | Killed Cahurph Zoet the pandemonium lord
 93711 | Pan      | Reached skill level 5 in Air Magic
 93956 | Pan      | Noticed Ylleofi the pandemonium lord
 93966 | Pan      | Mangled by an Ice Fiend

Illustrated notes

Levels and vault maps discovered:
D:1:      arrival_aquarium_b, layout_loops_ring, serial_shops,
          nicolae_square_shop, nicolae_diamond_shop,
          shapermc_ecumenical_altar_pompeii, st_stairs_14, minmay_vboxes
D:2:      layout_basic, minmay_close_crescents
D:3:      lemuel_castle_with_subvaults [lemuel_castle_interior_carwin_2],
          layout_basic, serial_shops, shop, kennysheep_generic_room_6
D:4:      layout_loops_cross, nicolae_ru_great_annihilating_truth,
          temple_fountains, kennysheep_small_spiral
D:5:      kennysheep_big_flooded_room, layout_rooms, nicolae_figureground_pulse
D:6:      layout_loops_corners
D:7:      layout_layer_cave
D:8:      layout_basic, nicolae_dithmenos_the_darkroom,
          mainiacjoe_overflow_catwalk, nicolae_qazlal_general_emergency,
          david_lair_generic, uniq_jeremiah
D:9:      layout_layer_cave, enter_bailey_5, serial_shops, shop
D:10:     layout_basic, serial_glass, glass_columns_b, glass_columns_a,
          glass_columns_a, glass_columns_a, glass_columns_a, uniq_harold
D:11:     minmay_ornate_pinched, layout_basic,
          hellmonk_okawaru_the_only_friend_you_need
D:12:     minmay_the_grid_3x2 [minmay_the_grid_spin_star,
          minmay_the_grid_stretched_grid, minmay_the_grid_expand,
          minmay_the_grid_tree, minmay_the_grid_tri_star,
          minmay_the_grid_prize_shrinking_boxes], layout_long_grid, david_orc_3,
          serial_ice, serial_ice_a, serial_ice_k, serial_ice_c, serial_ice_b,
          serial_ice_f, serial_ice_g, portal_ice_cave_entry_animals_and_master,
          nrook_mini_backslash, nicolae_shop_clearance
D:13:     layout_small_grid, ximxim_vaults_locker_room
D:14:     layout_cave_pods, nicolae_concentric_dashed_squares_mild,
          serial_shops, nicolae_shop_tiny_glass, nicolae_shop_hallway_stairs,
          nicolae_shop_hallway_plus, nicolae_shop_just_a_little_nook,
          nicolae_shop_tiny_real_fake_doors
D:15:     gammafunk_depths_entry_grave, layout_irregular_city,
          serial_bayou_pond_d
Temple:   regret_index_temple_mists
Lair:1:   layout_long_grid, nicolae_quartered_pool_impasse
Lair:2:   layout_roguey, minivault_19, infiniplex_staircase_pool_2,
          grunt_megastairs_2, lemuel_fruit_tree, uniq_sonja, uniq_fannar
Lair:3:   layout_concentric_octagons, elwin_shoals_entry_stream,
          dummy_snake_entry, ebering_ghost_xom, guppyfry_lair_drakes,
          infiniplex_staircase_pool, grunt_megastairs_3
Lair:4:   layout_big_grid, grunt_megastairs_4
Lair:5:   guppyfry_lair_end_dragon, layout_cave_pods, hangedman_lair_in_review,
          slime_entry_1
Shoals:1: layout_shoals, serial_shops, statue_bzr
Shoals:2: layout_shoals, nicolae_shoals_square_sea_wall,
          nicolae_shoals_flooded_hall
Shoals:3: layout_shoals
Shoals:4: shoals_end_grunt_garden, layout_shoals, uniq_mara, uniq_roxanne
Snake:1:  layout_onion_interference, serial_shops, shop_statue, shop,
          nicolae_shop_tiny_real_fake_doors, shop, basic_altar, st_stairs_12
Snake:2:  layout_misc_corridors
Snake:3:  layout_cave_town, nicolae_snake_guarding_the_ruins,
          grunt_megastairs_5, uniq_donald
Snake:4:  hellmonk_snake_rune_quicksilver_temple, layout_cave_town,
          serial_shops, shop_statue, uniq_vashnia, uniq_mlioglotl
Slime:1:  layout_caves
Slime:2:  layout_caves
Slime:3:  layout_caves
Slime:4:  layout_caves
Slime:5:  slime_pit_nicolae_inversion
Orc:1:    layout_diamond_mine, mainiacjoe_minedec_watcher_in_the_water
Orc:2:    grunt_orc_community_town_hall, layout_diamond_mine,
          grunt_orc_community_big_house_1, grunt_orc_community_big_house_2,
          grunt_orc_community_house_2, grunt_orc_community_house_1,
          grunt_orc_community_house_2, grunt_orc_community_house_3,
          grunt_orc_community_house_3, nicolae_orc_stalacmites
Elf:1:    eino_elf_arrival_altar, layout_rooms, serial_shops, shop,
          portal_desolation_entry_salt, hangedman_elven_crosses_minicolossus,
          grunt_ministairs_7, drop_trap, minivault_14, dk_noncrumbling_2,
          nicolae_shop_gadgets, lemuel_upstairs_altar, minmay_shop_star
Elf:2:    elven_hall_of_blades_hangedman_alternative
          [nicolae_blade_little_rooms], layout_rooms, serial_shops,
          nicolae_shop_gibbet_a_chance, grunt_ministairs_8,
          amcnicky_mini_rare_corridor_liquid, uniq_azrael, uniq_zenata
Elf:3:    minmay_elf_hall_circle, layout_loops_corners, nicolae_zig_zag_zippers
Vaults:1: grunt_vaults_hallway_short, nicolae_vaults_steering_wheel,
          nicolae_vaults_weapon_check, nicolae_vaults_closet_pinwheel_3,
          vaults_mumra_hexcomb, nicolae_vaults_little_squares_4, v_rooms_1,
          nicolae_vaults_yaktaur_gun_rack, ontoclasm_vaults_bender,
          vaults_room_mumra_shop_pool, v_misc_19, layout_vaults_ring
Vaults:2: nicolae_vaults_circle_grid_a, minmay_crypt_entry_necro_gods,
          vaults_standard_mumra_x, nicolae_vaults_diamond_1,
          nicolae_vaults_crenellated_ambush, v_pattern_2,
          nicolae_vaults_tetromino_L_2, nicolae_vaults_stepped_doors,
          vaults_room_semicircle, nicolae_vaults_taking_the_gang_shopping,
          layout_vaults_omnigrid, enter_trove_6, serial_shops,
          nicolae_shop_rolling_square
Vaults:3: gammafunk_ghost_wrathful_warriors, v_alt_pattern_2,
          vaults_mumra_chevron_long, grunt_vaults_diagonal, v_misc_30,
          v_misc_31, dpeg_vaults_monster_box, v_misc_15, v_misc_33,
          nicolae_vaults_storage_room_water, nicolae_vaults_mini_display_case,
          ontoclasm_vaults_shuriken, layout_vaults_big_room, serial_shops, shop,
          shop
Vaults:4: nicolae_vaults_storage_closets_3, v_misc_3, vaults_room_semicircle,
          vaults_room_semicircle, nicolae_vaults_closet_pinwheel_6,
          nicolae_vaults_border_crossing, nicolae_vaults_shelves_hall,
          v_misc_22, nicolae_vaults_triangles, hangedman_vaults_nodes,
          v_misc_13, ontoclasm_vaults_shout, nicolae_vaults_storage_room_glass,
          v_misc_23, layout_vaults_big_cross, serial_shops, shop
Vaults:5
Crypt:1:  layout_misc_corridors, nrook_guardian_serpent_ordinary,
          grunt_crypt_arrival_split, roderic_lattice_octagonal_star
Crypt:2:  layout_gridlike, serial_sigils, serial_sigils_hangedman_snap,
          serial_sigils_hangedman_scar, serial_sigils_hangedman_writhe,
          serial_sigils_hangedman_snap, minivault_19
Crypt:3:  david_glass_crypt, layout_misc_corridors, tombwall_bobbens
Tomb:1
Depths:1: layout_gridville, pf_hell_entry_tar_spiral,
          hangedman_stitches_earthworm, uniq_sojobo
Depths:2: minmay_connected_boxes_in_corner, layout_basic, pf_coc_iceberg,
          rand_demon_pan_entry_4, nrook_mini_vaults, nicolae_custom_books,
          kennysheep_minor_cross, hangedman_abyss_or_decor_clamps,
          uniq_josephina
Depths:3: minmay_triangles_in_corner, layout_honeycomb, enter_ziggurat_b,
          abyss_entry_glasseish, rand_demon_pan_entry_1, hell_entry,
          serial_bayou_shore_b, minmay_staircase_statues
Depths:4: grunt_twist_and_shout, layout_basic, corexii_leaking_fountain,
          serial_shops, shop, grunt_mini_vestibule
Hell
Zot:1:    layout_gridville, regret_index_zot_stipple_split, uniq_vv
Zot:2:    cheibrodos_zot_enchanting_chambers, layout_misc_corridors,
          regret_index_zotdec_twisting_globes
Zot:3:    layout_basic, regret_index_zotdec_banners
Zot:4:    lemuel_halls_of_wrath, layout_onion,
          regret_index_zotdec_golden_two_three, st_stairs_4, grunt_ministairs_1,
          st_single_dragon_hoard_4
Zot:5:    layout_gridlike, grunt_ministairs_8
Pan:      evilmike_mini_pan_doors_b, layout_irregular_city,
          evilmike_mini_pan_other_thingy, layout_grid_shapes,
          pan_blood_fountain_small, evilmike_mini_pan_corner,
          layout_irregular_city

Skill      XL: |  1  2  3  4  5  6  7  8  9 10 11 12 13 14 15 16 17 18 19 20 21 22 23 24 25 26 27 |
---------------+----------------------------------------------------------------------------------+-----
Unarmed Combat | 4 5 6 8 9 11 13 15 16 18 19 20 21 22 23 24 25 26 27 | 27.0
Dodging        | 2 3 4 5 6 7 8 9 10 13 | 13.4
Throwing       | 1 2 |  2.0
Stealth        | 1 2 3 5 6 10 11 12 13 14 15 24 | 24.9
Fighting       | 2 3 4 5 6 7 8 9 10 11 12 13 15 | 15.4
Armour         | 1 2 3 4 6 9 11 12 | 12.6
Shapeshifting  | 6 7 8 9 11 12 13 14 15 16 17 18 19 20 24 | 24.4
Evocations     | 1 2 3 4 5 6 7 9 11 13 15 16 | 16.1
Spellcasting   | 2 4 5 6 7 |  7.5
Shields        | 7 8 9 |  9.5
Translocations | 4 6 |  6.0
Necromancy     | 2 5 7 |  7.0
Hexes          | 6 9 12 14 15 | 15.3
Alchemy        | 4 10 | 10.0
Air Magic      | 5 |  5.2
Conjurations   | 2 |  2.0

Action                     |  1- 3 |  4- 6 |  7- 9 | 10-12 | 13-15 | 16-18 | 19-21 | 22-24 | 25-27 || total
---------------------------+-------+-------+-------+-------+-------+-------+-------+-------+-------++-------
  Melee: Unarmed           |    28 |   151 |   243 |   815 |  1095 |  1123 |  1187 |  1406 |  2519 ||  8567
         Dagger            |    64 |    54 |       |       |       |       |       |       |       ||   118
         Punch             |     2 |     5 |     3 |     8 |    70 |   145 |   193 |   244 |   387 ||  1057
         Constrict         |       |       |       |       |   216 |   242 |   220 |   167 |   358 ||  1203
  Throw: Dart              |     9 |    13 |     7 |       |       |       |       |       |       ||    29
   Cast: Fugue of the Fall |       |       |       |       |       |       |       |     5 |     8 ||    13
         Blink             |       |       |       |       |       |       |       |     4 |     6 ||    10
         Cause Fear        |       |       |       |       |       |       |       |     1 |     6 ||     7
         Yara's Violent Un |       |       |       |       |       |       |       |       |     3 ||     3
         Enfeeble          |       |       |       |       |       |       |       |       |     2 ||     2
         Mephitic Cloud    |       |       |       |       |       |       |       |       |     1 ||     1
 Invoke: Serpent's Lash    |       |       |       |     2 |     2 |     1 |       |     3 |     5 ||    13
         Heavenly Storm    |       |       |       |       |       |       |       |     2 |     4 ||     6
Ability: Spit Poison       |    24 |    21 |    13 |    20 |     7 |       |       |     1 |       ||    86
         Lunge             |       |     1 |    19 |    53 |    87 |   149 |   100 |   119 |   241 ||   769
         Whirlwind         |       |       |    26 |   148 |   202 |   208 |   257 |   288 |   505 ||  1634
         Begin Untransform |       |       |       |       |       |     1 |       |       |       ||     1
         Wall Jump         |       |       |       |       |       |       |       |     1 |       ||     1
         Blinkbolt         |       |       |       |       |       |       |       |       |    10 ||    10
  Evoke: Wand              |       |       |     8 |    20 |    23 |     4 |     2 |     4 |     2 ||    63
         Phantom mirror    |       |       |       |       |       |     1 |       |     1 |       ||     2
         Lightning rod     |       |       |       |       |       |       |       |     2 |       ||     2
         Box of beasts     |       |       |       |       |       |       |       |       |     1 ||     1
    Use: Scroll            |       |     4 |     5 |     6 |    11 |     6 |     7 |     5 |     9 ||    53
         Potion            |       |     1 |     1 |     2 |     1 |     4 |       |     5 |     6 ||    20
   Stab: Sleeping          |       |     1 |     3 |     4 |     3 |     7 |    13 |    13 |    40 ||    84
         Paralysed         |       |     1 |       |       |       |       |       |       |       ||     1
         Distracted        |       |       |       |       |     2 |     2 |     1 |     5 |    23 ||    33
         Confused          |       |       |       |       |       |       |       |       |     3 ||     3
 Armour: Animal skin       |     8 |       |       |       |       |       |       |       |       ||     8
         Ring mail         |    12 |       |       |       |   119 |       |       |       |       ||   131
         Troll leather arm |    33 |   146 |    80 |       |       |       |       |       |       ||   259
         Skin              |       |       |    63 |   341 |   231 |       |       |   193 |   670 ||  1498
         Leather armour    |       |       |       |    88 |   137 |       |       |       |       ||   225
         Chain mail        |       |       |       |       |   115 |   721 |   785 |   790 |   811 ||  3222
  Dodge: Dodged            |    40 |   118 |   108 |   437 |   353 |   365 |   262 |   288 |   888 ||  2859
         Repelled          |       |       |       |       |       |    21 |     8 |    23 |    35 ||    87
  Block: Kite shield       |       |       |       |       |       |       |       |    99 |   317 ||   416
         Reflection        |       |       |       |       |       |       |       |    11 |     6 ||    17
   Form: Flux              |       |       |     2 |     4 |     2 |       |       |       |       ||     8
         Beast             |       |       |     1 |     3 |       |       |       |       |       ||     4
         Blade             |       |       |       |     2 |     4 |     1 |     3 |     1 |     3 ||    14
                           |       |       |       |       |     1 |       |       |       |       ||     1
         Serpent           |       |       |       |       |     1 |       |       |       |       ||     1
         Statue            |       |       |       |       |       |       |     3 |     2 |     2 ||     7
         Storm             |       |       |       |       |       |       |       |       |     2 ||     2
